 Dungeon Crawl Stone Soup version 0.31.0-11-ge490571c62 (webtiles) character file.

Game seed: 3796775724005476711

273 qw the Shooter (level 6, -2/30 HPs)
             Began as a Spriggan Hunter on Feb 4, 2024.
             Slain by a hobgoblin (4 damage)
             ... led by Robin
             ... on level 2 of the Dungeon.
             The game lasted 00:00:04 (1126 turns).

qw the Shooter (Spriggan Hunter)                    Turns: 1126, Time: 00:00:05

Health: -2/30      AC:  2    Str:  7    XL:     6   Next: 2%
Magic:  7/7        EV: 20    Int: 10    God:
Gold:   89         SH:  0    Dex: 21    Spells: 5/5 levels left

rFire   . . .        a - +0 shortbow
rCold   . . .        (shield currently unavailable)
rNeg    . . .        c - +0 robe
rPois   .            (helmet restricted)
rElec   .            (no cloak)
rCorr   .            (gloves unavailable)
SInv    +            (boots unavailable)
Will    +....        (no amulet)
Stlth   ++           (no ring)
HPRegen 0.25/turn    (no ring)
MPRegen 0.10/turn

%: no passive effects
@: very quick
A: very small, no large weapons, unfitting armour, see invisible, speed 3
a: no special abilities


You were on level 2 of the Dungeon.
You visited 1 branch of the dungeon, and saw 2 of its levels.

You collected 89 gold pieces.


Innate Abilities, Weirdness & Mutations

You are very small and have problems with some larger weapons.
You are too small for most types of armour.
You have supernaturally acute eyesight. (SInv)
You cover ground extremely quickly. (Speed+++)


   Skills:
 + Level 1.6 Fighting
 - Level 6.5 Ranged Weapons
 - Level 5.0 Dodging
 - Level 1.5 Stealth


You had 5 spell levels left.
You didn't know any spells.
Your spell library was empty.

Inventory:

Hand Weapons
 a - a +0 shortbow (weapon)
Armour
 c - a +0 robe (worn)
Jewellery
 f - a ring of magical power
Scrolls
 h - a scroll of revelation {unknown}
Potions
 b - a potion of heal wounds {unknown}
 d - a potion of haste {unknown}
 e - a potion of enlightenment
 g - a potion of cancellation {unknown}
 i - a potion of curing {unknown}

Dungeon Overview and Level Annotations

Branches:
Dungeon (2/15)

Altars:
Ru

Annotations:
D:2 Robin


Message History

The goblin misses you. The goblin closely misses you.
The goblin hits you with a +0 club.
You shoot an arrow. The arrow barely misses the goblin.
The goblin hits you with a +0 club. The goblin misses you.
The goblin closely misses you.
You shoot an arrow. The arrow hits the goblin!
You kill the goblin!
The goblin hits you with a +0 club. x2
You shoot an arrow. The arrow barely misses the goblin.
The arrow hits the hobgoblin.
You kill the hobgoblin!
The goblin hits you but does no damage. The goblin hits you with a +0 club.
You shoot an arrow. The arrow hits the goblin.
You kill the goblin!
The goblin hits you with a +0 club.
You shoot an arrow. The arrow hits the goblin!
You kill the goblin!
The goblin closely misses you. Robin throws the goblin at you!
The goblin unwields a +0 sling.
The goblin wields a +0 dagger.
The goblin closely misses you.
You shoot an arrow. The arrow hits the goblin.
The goblin is severely wounded.
The goblin closely misses you. The hobgoblin misses you.
The goblin barely misses you.
You shoot an arrow. The arrow barely misses the goblin.
The goblin hits you but does no damage. The hobgoblin misses you.
The goblin closely misses you.
You shoot an arrow. The arrow closely misses the goblin.
The goblin hits you with a +0 club. The hobgoblin misses you.
The goblin closely misses you.
You shoot an arrow. The arrow closely misses the goblin.
The goblin no longer looks unusually strong. x2
The goblin hits you but does no damage.
Robin says, "Duck!"
The hobgoblin misses you. The goblin closely misses you.
You shoot an arrow. The arrow hits the goblin.
You kill the goblin!
The goblin closely misses you. The hobgoblin closely misses you.
The hobgoblin hits you.
You die...

#......# #..............
##.....#..#.######.......
#.###.#..#.# #.......
#.....#..#.# ###..###
#######..#.# ##.%.#
....<.#..#.# ###.#
......#..#.# ####.)
..)..ggg)#.# #....>
#@##.# #.#### #....# #.#
###### #.# #.# #.# #.#
#.# #.# #.####


You could see Robin, a hobgoblin (strong) and a goblin.

Vanquished Creatures
  Sigmund (D:2)
  Natasha (D:2)
  3 adders (D:2)
  3 dart slugs
  6 ball pythons (D:1)
  7 endoplasms
  8 goblins
  4 hobgoblins (D:2)
  6 kobolds
  4 bats
  A frilled lizard (D:1)
  2 rats (D:1)
46 creatures vanquished.

Notes
Turn   | Place    | Note
-------+----------+-------------------------------------------
     0 | D:1      | qw the Spriggan Hunter began the quest for the Orb.
     0 | D:1      | Reached XP level 1. HP: 10/10 MP: 2/2
     0 | D:1      | 0 ||| qw: Version: 0.3-a-160-g6735b56
     0 | D:1      | 0 ||| qw: Game counter: 4874
     0 | D:1      | 0 ||| qw: Melee chars always use a shield: true
     0 | D:1      | 0 ||| qw: God list: Okawaru
     0 | D:1      | 0 ||| qw: Allow faded altars: false
     0 | D:1      | 0 ||| qw: Do Orc after clearing Dungeon:15 true
     0 | D:1      | 0 ||| qw: Do second Lair branch before Depths: true
     0 | D:1      | 0 ||| qw: Lair rune preference: random
     0 | D:1      | 0 ||| qw: Goals: Normal
     0 | D:1      | 0 ||| PLANNING D:1-11
    25 | D:1      | Reached skill level 3 in Dodging
   109 | D:1      | Reached XP level 2. HP: 14/14 MP: 3/3
   435 | D:1      | Reached XP level 3. HP: 18/18 MP: 4/4
   560 | D:1      | 560 ||| READING scroll labelled WOUNWE IKLUTY.
   560 | D:1      | 560 ||| ENCHANTING +0 shortbow.
   561 | D:1      | 561 ||| READING scroll labelled DOANAR NASTRUTT.
   564 | D:1      | 564 ||| DRINKING 2 fizzy golden potions.
   565 | D:1      | 565 ||| DROPPING scroll of butterflies.
   661 | D:2      | Found a sacrificial altar of Ru.
   755 | D:2      | Noticed Sigmund
   766 | D:2      | Killed Sigmund
   767 | D:2      | Reached skill level 6 in Ranged Weapons
   767 | D:2      | Reached XP level 4. HP: 14/22 MP: 5/5
   767 | D:2      | Reached XP level 5. HP: 16/25 MP: 6/6
   963 | D:2      | Noticed Natasha
   965 | D:2      | 965 ||| FLEEEEING.
   966 | D:2      | 966 ||| FLEEEEING.
   972 | D:2      | Killed Natasha
  1111 | D:2      | Reached XP level 6. HP: 30/30 MP: 7/7
  1111 | D:2      | Noticed Robin
  1120 | D:2      | HP: 6/30 [goblin/+0 club[Robin] (2)]
  1124 | D:2      | HP: 2/30 [goblin/+0 club[Robin] (5)]
  1126 | D:2      | Slain by a hobgoblin

Levels and vault maps discovered:
D:1:      dpeg_arrival_solitude, layout_loops_cross
D:2:      layout_basic, basic_altar, uniq_sigmund, uniq_natasha,
          uniq_crazy_yiuf_cottage, uniq_robin

Skill      XL: |  1  2  3  4  5  6 |
---------------+-------------------+-----
Dodging        | 3 4 5 |  5.0
Ranged Weapons | 6 |  6.5
Fighting       | |  1.6
Stealth        | |  1.5

Action                     |  1- 3 |  4- 6 || total
---------------------------+-------+-------++-------
   Fire: Shortbow          |    80 |    42 ||   122
    Use: Scroll            |     2 |       ||     2
         Potion            |     1 |       ||     1
 Armour: Robe              |     5 |    15 ||    20
  Dodge: Dodged            |    18 |    29 ||    47

Table legend:
 A = Non-vault XP
 B = Vault XP
 C = Vault XP percentage of total XP
 D = Non-vault monster count
 E = Vault monster count
 F = Vault count percentage of total count
                 A         B        C        D         E       F
            +---------+---------+-------+---------+---------+-------
      Total |     104 |     288 |  73.5 |      37 |       9 |  19.6
            +---------+---------+-------+---------+---------+-------
        D:1 |      41 |       0 |   0.0 |      23 |       0 |   0.0
        D:2 |      63 |     288 |  82.1 |      14 |       9 |  39.1
            +---------+---------+-------+---------+---------+-------
